 Dungeon Sprint DCSS version 0.29-a0-717-g6dac4ea423 (webtiles) character file.

Game seed: 9857087823705023127

147 mhtbhm the Covert (level 5, -2/25 HPs)
             Began as a Spriggan Enchanter on June 26, 2022.
             Slain by an ice beast (12 damage)
             ... in the Dungeon (Sprint IX: "|||||||||||||||||||||||||||||").
             The game lasted 00:00:44 (167 turns).

mhtbhm the Covert (Spriggan Enchanter)               Turns: 167, Time: 00:00:44

Health: -2/25      AC:  2    Str:  4    XL:     5   Next: 8%
Magic:  9/13       EV: 19    Int: 17    God:
Gold:   0          SH:  0    Dex: 17    Spells: 3/14 levels left

rFire   . . .      SeeInvis +   a - +1 dagger
rCold   . . .      Faith    .   (no shield)
rNeg    . . .      Spirit   .   b - +0 robe
rPois   .          Reflect  .   (helmet restricted)
rElec   .          Harm     .   (no cloak)
rCorr   .          Rampage  .   (gloves unavailable)
Will    .....      NoTele   +   (boots unavailable)
Stlth   +++++.....              (no amulet)
HPRegen 0.08/turn               (no ring)
MPRegen 0.13/turn               (no ring)

@: very quick
A: very small, no large weapons, unfitting armour, see invisible, speed 3
a: no special abilities


You were in the Dungeon.
You visited 1 branch

Inventory:

Hand Weapons
 a - a +1 dagger (weapon)
Armour
 b - a +0 robe (worn)
Scrolls
 i - a scroll of blinking
Potions
 c - 2 potions of invisibility
 d - a potion of curing
 f - a potion of haste
 g - 2 potions of magic
 h - a potion of berserk rage


   Skills:
 + Level 0.3 Fighting
 + Level 3.8 Short Blades
 + Level 5.0 Dodging
 + Level 10.1 Stealth
 + Level 5.1 Spellcasting
 + Level 7.6 Hexes
 + Level 0.4 Ice Magic


You had 3 spell levels left.
You knew the following spells:

 Your Spells              Type           Power      Damage    Failure   Level
a - Ensorcelled Hibernat  Hex/Ice        36%        N/A       4%          2
b - Confusing Touch       Hex            30%        N/A       1%          3
c - Tukima's Dance        Hex            30%        N/A       1%          3
d - Dazzling Flash        Conj/Hex       34%        N/A       9%          3

Your spell library contained the following spells:

 Spells                   Type           Power      Damage    Failure   Level


Dungeon Overview and Level Annotations

Branches:
Dungeon (1/1)

Altars:


Innate Abilities, Weirdness & Mutations

You are very small and have problems with some larger weapons.
You are too small for most types of armour.
You have supernaturally acute eyesight. (SInv)
You cover ground extremely quickly. (Speed+++)


Message History

You kill the scorpion!
Your Dodging skill increases to level 5!
Your Stealth skill gained 2 levels and is now at level 10!
Your Spellcasting skill increases to level 5!
Your Hexes skill increases to level 7!
You have reached level 5!
You feel clever.
Casting: Ensorcelled Hibernation (safe; 4% risk of failure)
Confirm with . or Enter, or press ? or * to list all spells.
Your hands begin to glow red.
Press: ? - help, v - describe, . - travel
Here: an ice beast (chance to confuse on hit: 60%)
The floor.
The ice beast hits you. The ice beast freezes you!
You hit the ice beast but do no damage.
The ice beast appears confused.
You barely miss the ice beast. The ice beast completely misses you.
The ice beast hits itself.
You hit the ice beast.
The ice beast is lightly wounded.
You barely miss the ice beast.
The ice beast is lightly wounded.
The ice beast closely misses you.
You hit the ice beast.
The ice beast is lightly wounded.
The ice beast hits itself but does no damage.
You feel much better. The ice beast misses you.
You hit the ice beast but do no damage.
The ice beast is lightly wounded.
You hit the ice beast but do no damage.
The ice beast is lightly wounded.
The ice beast hits you. The ice beast freezes you!
The ice beast hits itself.
You hit the ice beast but do no damage.
The ice beast is lightly wounded.
You hit the ice beast but do no damage.
The ice beast is lightly wounded.
The ice beast misses you.
You hit the ice beast but do no damage.
The ice beast is lightly wounded.
The ice beast hits you. The ice beast freezes you!
You die... ▓▓▓▓▓▓▓▓▓▓▓▓▓▓▓▓▓▓ +.Y@.†'...†.'...<▓ ▓▓▓▓▓▓▓▓▓▓▓▓▓▓▓▓▓▓

You could see an ice beast (confused).

Vanquished Creatures
  A scorpion (D)
  A hound (D)
  2 iguanas (D)
  2 dart slugs (D)
  An endoplasm (D)
  A hobgoblin (D)
  A frilled lizard (D)
9 creatures vanquished.

Notes
Turn   | Place    | Note
-------+----------+-------------------------------------------
     0 | D        | mhtbhm the Spriggan Enchanter began the quest for the Orb.
     0 | D        | Reached XP level 1. HP: 9/9 MP: 5/5
    12 | D        | Reached skill level 5 in Stealth
    24 | D        | Reached XP level 2. HP: 12/13 MP: 7/7
    42 | D        | Learned a level 2 spell: Ensorcelled Hibernation
    44 | D        | Noticed an ice beast
    44 | D        | Noticed a scorpion
    47 | D        | Reached skill level 7 in Stealth
    47 | D        | Reached skill level 5 in Hexes
    47 | D        | Reached XP level 3. HP: 16/16 MP: 9/9
    53 | D        | Learned a level 3 spell: Confusing Touch
    57 | D        | Learned a level 3 spell: Tukima's Dance
    61 | D        | Reached skill level 8 in Stealth
    63 | D        | Reached XP level 4. HP: 21/21 MP: 7/11
   150 | D        | Learned a level 3 spell: Dazzling Flash
   153 | D        | Killed a scorpion
   154 | D        | Reached skill level 5 in Dodging
   154 | D        | Reached skill level 10 in Stealth
   154 | D        | Reached skill level 5 in Spellcasting
   154 | D        | Reached XP level 5. HP: 25/25 MP: 11/13
   167 | D        | Slain by an ice beast

Illustrated notes

Levels and vault maps discovered:
D:        linesprint [early_d, line_temple, items_1, d_10, items_2, lair_1,
          lair_end, items_3, orc_1, orc_end, items_4, d_15, swamp_1, shoals_1,
          snake_1, spider_1, d_20, vaults_1, items_5, swamp_end, shoals_end,
          snake_end, spider_end, vaults_end, d_27, items_6, zot_1, zot_end,
          crypt_end, forest_end, elf_end, slime_end, tomb_end, abyss_end,
          pan_hell_end]

Skill      XL: |  1  2  3  4 |
---------------+-------------+-----
Hexes          | 4 5 6 7 |  7.6
Stealth        | 5 7 8 10 | 10.1
Spellcasting   | 3 4 5 |  5.1
Dodging        | 3 4 5 |  5.0
Short Blades   | 2 3 |  3.8
Fighting       | |  0.3
Ice Magic      | |  0.4

Action                   |  1- 3 |  4- 6 || total
-------------------------+-------+-------++-------
Melee: Dagger            |    27 |    11 ||    38
       Punch             |     1 |       ||     1
 Cast: Ensorcelled Hiber |     1 |     2 ||     3
       Confusing Touch   |       |     1 ||     1
  Use: Potion            |       |     1 ||     1
 Stab: Sleeping          |     4 |     1 ||     5
Armor: Robe              |     1 |       ||     1
Dodge: Dodged            |    13 |     6 ||    19

Table legend: (Time is in decaauts)
 A = Elapsed time spent in this place.
 B = Non-inter-level travel time spent in this place.
 C = Inter-level travel time spent in this place.
 D = Time resting spent in this place.
 E = Time spent auto-exploring this place.
 F = Levels seen in this place.
 G = Mean time per level.
                   A        B        C        D        E       F      G
               +--------+--------+--------+--------+--------+-----+--------+
         Total |    155 |    155 |      0 |     84 |      1 |   1 |  155.0 |
       Dungeon |    155 |    155 |      0 |     84 |      1 |   1 |  155.0 |
               +--------+--------+--------+--------+--------+-----+--------+

Top non-repeatable levels by time:
       D: 155 daAuts
